 Dungeon Crawl Stone Soup version 0.19.0-19-g8c6edcc (webtiles) character file.

609 Chiseanne the Skirmisher (level 7, 0/62 HPs)
             Began as a Minotaur Berserker on Nov 14, 2016.
             Was a Follower of Trog.
             Slain by an ice beast (7 damage)
             ... on level 6 of the Dungeon.
             The game lasted 00:03:52 (1280 turns).

Chiseanne the Skirmisher (Minotaur Berserker)       Turns: 1280, Time: 00:03:53

Health: 0/62       AC: -1    Str: 22    XL:     7   Next: 19%
Magic:  6/6        EV: 10    Int:  4    God:    Trog [*.....]
Gold:   95         SH:  0    Dex: 11    Spells: 0 memorised, 6 levels left

rFire  . . .     SeeInvis .     a - +1 hand axe
rCold  . . .     Gourm    .     b - +1 chain mail
rNeg   . . .     Faith    .     (no shield)
rPois  .         Spirit   .     (helmet restricted)
rElec  .         Reflect  .     (no cloak)
rCorr  .         Harm     .     (no gloves)
MR     .....                    (no boots)
Stlth  ..........               (no amulet)
                                (no ring)
                                (no ring)

@: corroded
A: retaliatory headbutt, horns 2
a: Berserk, Burn Spellbooks, Renounce Religion


You were on level 6 of the Dungeon.
You worshipped Trog.
Trog was aware of your devotion.
You were not hungry.

You visited 1 branch of the dungeon, and saw 6 of its levels.

You collected 95 gold pieces.

Inventory:

Hand Weapons
 a - a +1 hand axe (weapon)
Missiles
 d - 4 tomahawks
 h - 50 arrows
 k - 85 stones (quivered)
Armour
 b - a +1 chain mail (worn)
Jewellery
 e - a cursed -3 ring of dexterity {unknown}
Wands
 g - a wand of lightning (4/15)
 l - a wand of iceblast (8/15)
Scrolls
 n - a scroll of blinking
Potions
 m - a potion of heal wounds {unknown}
 p - a potion of agility {unknown}
Comestibles
 c - 3 bread rations
 f - a meat ration
 j - 2 slices of pizza
 o - 3 chunks of flesh


   Skills:
 * Level 5.9 Fighting
 * Level 5.8 Axes
 * Level 5.3 Armour
 * Level 4.6 Dodging


You had 6 spell levels left.
You didn't know any spells.

Dungeon Overview and Level Annotations

Branches:
Dungeon (6/15)             Temple (0/1) D:5

Altars:
Dithmenos
Kikubaaqudgha
Trog
Yredelemnul
Zin


Innate Abilities, Weirdness & Mutations

You reflexively headbutt those who attack you in melee.
You have a pair of horns on your head.


Message History

You hit the jelly. The acid corrodes you!
Your hands burn!
The ice beast hits you. The ice beast freezes you!
* * * LOW HITPOINT WARNING * * *
The jelly barely misses you.
You are too injured to fight recklessly!
You are too injured to fight recklessly!
You are too injured to fight recklessly!
You are too injured to fight recklessly!
You are too injured to fight recklessly!
You are too injured to fight recklessly!
You are too injured to fight recklessly!
You are too injured to fight recklessly!
The ice beast hits you.
* * * LOW HITPOINT WARNING * * *
The ice beast freezes you!
* * * LOW HITPOINT WARNING * * *
The ice beast hits you.
* * * LOW HITPOINT WARNING * * *
The ice beast freezes you!
You die...

### ..# . #.#
.## #.#
...##.######
..##.#.......#
.......@.....#
.#####.Y.....#
#..J....#
#.......#
#.......#
#.......#
##>#.##.#
#.#.##.#
....##.#


You could see an ice beast and a jelly.

Vanquished Creatures
  Pikel (D:5)
  A slave (D:5)
  A phantom (D:5)
  A hound (D:4)
  Ijyb (D:2)
  An adder skeleton (D:5)
  A worm (D:2)
  A dart slug (D:2)
  A leopard gecko (D:3)
  3 orcs
  7 bats
  A giant cockroach (D:2)
  2 hobgoblins (D:2)
  2 kobolds (D:3)
  2 frilled lizards
  3 goblins
  10 rats
39 creatures vanquished.

Vanquished Creatures (others)
  An orc (D:5)
1 creature vanquished.

Grand Total: 40 creatures vanquished

Notes
Turn   | Place    | Note
-------+----------+-------------------------------------------
     0 | D:1      | Chiseanne the Minotaur Berserker began the quest for the Orb.
     0 | D:1      | Reached XP level 1. HP: 19/19 MP: 0/0
   100 | D:2      | Noticed Ijyb
   110 | D:2      | Killed Ijyb
   110 | D:2      | Reached XP level 2. HP: 10/27 MP: 1/1
   110 | D:2      | Reached XP level 3. HP: 12/33 MP: 2/2
   706 | D:3      | Found an ancient bone altar of Kikubaaqudgha.
   709 | D:3      | Reached ** piety under Trog
   849 | D:4      | Reached XP level 4. HP: 40/41 MP: 3/3
   908 | D:5      | Entered Level 5 of the Dungeon
   971 | D:5      | Noticed a slave
   978 | D:5      | Killed a slave
   982 | D:5      | Noticed Pikel
   982 | D:5      | Noticed a slave
   994 | D:5      | Killed Pikel
   994 | D:5      | Reached skill level 5 in Fighting
   994 | D:5      | Reached skill level 5 in Axes
   994 | D:5      | Reached skill level 5 in Armour
   994 | D:5      | Reached XP level 5. HP: 44/50 MP: 4/4
   994 | D:5      | Reached XP level 6. HP: 51/57 MP: 5/5
   994 | D:5      | Reached XP level 7. HP: 55/62 MP: 6/6
  1100 | D:4      | Found a glowing silver altar of Zin.
  1116 | D:4      | Found a shadowy altar of Dithmenos.
  1119 | D:4      | Found a bloodstained altar of Trog.
  1122 | D:4      | Found a basalt altar of Yredelemnul.
  1238 | D:5      | Found a staircase to the Ecumenical Temple.
  1280 | D:6      | Slain by an ice beast

Skill      XL: |  1  2  3  4 |
---------------+-------------+-----
Fighting       | 4 5 |  5.9
Axes           | 4 5 |  5.8
Armour         | 3 5 |  5.3
Dodging        | 4 |  4.6

Action                   |  1- 3 |  4- 6 |  7- 9 || total
-------------------------+-------+-------+-------++-------
Melee: Hand axe          |    64 |    15 |    27 ||   106
       Headbutt          |     7 |     3 |     5 ||    15
Invok: Berserk           |     1 |       |       ||     1
       Burn Spellbooks   |       |     1 |       ||     1
       Trog's Hand       |       |     1 |       ||     1
  Use: Scroll            |     5 |     2 |     1 ||     8
  Eat: Chunk             |     1 |       |     2 ||     3
Armor: Chain mail        |    29 |     8 |    12 ||    49
Dodge: Dodged            |    31 |     6 |     9 ||    46
